 Dungeon Crawl Stone Soup version 0.27-a0-1565-gad902ab807 (webtiles) character file.

Game seed: 17129113740787190752

63 Anon1729 the Insei (level 4, -2/29 HPs)
             Began as an Octopode Transmuter on July 16, 2021.
             Slain by a black bear (4 damage)
             ... on level 4 of the Dungeon.
             The game lasted 00:03:08 (1651 turns).

Anon1729 the Insei (Octopode Transmuter)            Turns: 1651, Time: 00:03:08

Health: -2/29      AC:  2    Str:  9    XL:     4   Next: 9%
Magic:  0/7        EV: 19    Int: 16    God:
Gold:   102        SH:  0    Dex: 17    Spells: 1/7 levels left

rFire    . . .     SeeInvis .     - Unarmed
rCold    . . .     Faith    .   (shield currently unavailable)
rNeg     . . .     Spirit   .   (helmet currently unavailable)
rPois    x         Reflect  .   (no amulet)
rElec    .         Harm     .   (no ring)
rCorr    .         Rampage  .   (no ring)
Will     .....                  (no ring)
Stlth    ++........             (no ring)
HPRegen  0.09/turn              (no ring)
MPRegen  0.10/turn              (no ring)
                                (no ring)
                                (no ring)

@: spider-form
A: venomous fangs, almost no armour, (amphibious), 8 rings, tiny, (camouflage
1), (gelatinous body 1), (nimble swimmer 1), (tentacles)
a: End Transformation


You were on level 4 of the Dungeon.
You were a venomous arachnid creature.
You visited 1 branch of the dungeon, and saw 3 of its levels.

You collected 102 gold pieces.

Inventory:

Magical Staves
 c - a staff of death
Jewellery
 f - an amulet of the acrobat
Scrolls
 b - a scroll of identify {unknown}
 e - a scroll of enchant weapon {unknown}
Potions
 a - a potion of attraction {unknown}
 d - a potion of resistance {unknown}
 g - a potion of haste {unknown}
 h - a potion of ambrosia {unknown}


   Skills:
 + Level 1.8 Fighting
 + Level 2.5 Dodging
 + Level 3.4 Unarmed Combat
 + Level 2.4 Spellcasting
 + Level 2.5 Transmutations


You had one spell level left.
You knew the following spells:

 Your Spells              Type           Power      Damage    Failure   Level
a - Beastly Appendage     Tmut           20%        N/A       19%         1
b - Wereblood             Tmut           10%        N/A       26%         2
c - Spider Form           Tmut/Pois      3%         N/A       56%         3

Your spell library contained the following spells:

 Spells                   Type           Power      Damage    Failure   Level
 Pain                     Necr           4%         1d4       41%         1
 Ice Form                 Ice/Tmut       6%         N/A       89%         4
 Agony                    Necr           1%         N/A       100%        5
 Excruciating Wounds      Necr           0%         N/A       100%        5


Dungeon Overview and Level Annotations

Branches:
Dungeon (2/15)

Altars:
Trog

Shops:
D:1 :   D:2 [


Innate Abilities, Weirdness & Mutations

You are a venomous arachnid creature.
You have poisonous fangs.
You are tiny and dextrous.
Your spellcasting is less reliable in this form.
Your armour is entirely melded.
You are incapable of wielding weapons or throwing items.
You cannot wear most types of armour.
((You are amphibious.))
You can wear up to eight rings at the same time.
((Your skin changes colour to match your surroundings (Stealth+).))
((Your rubbery body absorbs attacks. (AC +1, EV +1)))
((You are camouflaged near water. (Stealth+)))
((You have tentacles for arms and can constrict up to eight enemies at once.))


Message History

You hit the hound but do no damage. The hound misses you.
You hit the hound but do no damage.
The hound looks even sicker.
The hound is lightly wounded.
The hound barely misses you. The hound bites you.
You hit the hound.
The hound looks as sick as possible!
The hound is moderately wounded.
The hound completely misses you.
You hit the hound.
The hound looks as sick as possible!
The hound is heavily wounded.
The hound bites you. The hound closely misses you.
You hit the hound but do no damage.
The hound looks as sick as possible!
The hound is severely wounded.
You kill the hound!
The black bear barely misses you. The black bear closely misses you.
The black bear barely misses you.
You have reached level 4!
You hit the black bear.
The black bear is poisoned.
The black bear is lightly wounded.
Your transformation has ended.
The black bear barely misses you. The black bear claws you. x2
Casting: Spider Form (extremely dangerous; 34% risk of failure)
Confirm with . or Enter, or press ? or * to list all spells.
The spell is extremely dangerous to cast (34% risk of failure)!
Continue anyway?
You miscast Spider Form.
You are very lightly contaminated with residual magic.
Nothing appears to happen.
The black bear bites you. The black bear claws you. x2
Your magical contamination has completely faded away.
The black bear looks more healthy.
Casting: Spider Form (extremely dangerous; 34% risk of failure)
Confirm with . or Enter, or press ? or * to list all spells.
The spell is extremely dangerous to cast (34% risk of failure)!
Continue anyway?
You turn into a venomous arachnid creature.
The black bear bites you!
* * * LOW HITPOINT WARNING * * *
The black bear barely misses you. The black bear claws you.
* * * LOW HITPOINT WARNING * * *
You hit the black bear.
The black bear is heavily wounded.
The black bear closely misses you. The black bear claws you.
You die...

#.# #.# ..# ######.#####
#..# #..........###.#
#<.## #.# #..........#
#... #.###..###.#####
#..# #.#....# #.# #..#
#.#.#.####.########..###
##.#.#.........hs.......#
.......####.########..#.#
.#.#...# #.########..#.#
.......# #.##........#.#
.#.#..## #.##.######.#.#
......#####.##.#
#.#.######
............##.#
#........^
#####.########.#
###?###### #..........#
.#


You could see a black bear.

Vanquished Creatures
  A hound (D:4)
  A dart slug (D:2)
  2 ball pythons (D:1)
  3 endoplasms
  A giant cockroach (D:1)
  A goblin (D:2)
  8 hobgoblins
  2 quokkas
  4 bats (D:1)
  4 frilled lizards
  A kobold (D:1)
  2 rats (D:1)
30 creatures vanquished.

Notes
Turn   | Place    | Note
-------+----------+-------------------------------------------
     0 | D:1      | Anon1729 the Octopode Transmuter began the quest for the
                  | Orb.
     0 | D:1      | Reached XP level 1. HP: 13/13 MP: 3/3
   230 | D:1      | Found Hehop's Book Shop.
   321 | D:1      | Reached XP level 2. HP: 3/18 MP: 5/5
  1056 | D:1      | Reached XP level 3. HP: 23/23 MP: 6/6
  1215 | D:2      | Found Dikoysk's Antique Armour Shop.
  1463 | D:2      | Found a faded altar of an unknown god.
  1495 | D:2      | Found a bloodstained altar of Trog.
  1500 | D:2      | You fall into a shaft and drop 2 floors!
  1538 | D:4      | Noticed a black bear
  1543 | D:4      | Learned a level 2 spell: Wereblood
  1547 | D:4      | Learned a level 3 spell: Spider Form
  1623 | D:4      | Reached XP level 4. HP: 24/29 MP: 3/7
  1651 | D:4      | Slain by a black bear

Illustrated notes

Levels and vault maps discovered:
D:1:      erik_arrival_triangle_small, layout_rooms, serial_shops,
          nicolae_diamond_shop
D:2:      layout_basic, dreamdust_ecumenical_altar_hidden_monk_grotto,
          serial_shops, shop, basic_altar, chequers_serial_rivers_small_a
D:4:      layout_loops_ring, zin_scriptorium, moated_statue,
          grunt_decor_fettered, minmay_crystal_room, minmay_fractal_squares_5,
          uniq_edmund

Action                   |  1- 3 |  4- 6 || total
-------------------------+-------+-------++-------
Melee: Unarmed           |    75 |     2 ||    77
       Constrict         |    16 |       ||    16
       Tentacles         |    12 |       ||    12
       Kick              |     4 |       ||     4
 Cast: Beastly Appendage |     6 |       ||     6
       Spider Form       |     1 |     1 ||     2
 Stab: Sleeping          |     1 |       ||     1
Armor: Skin              |     6 |       ||     6
Dodge: Dodged            |    47 |     3 ||    50

Table legend: (Time is in decaauts)
 A = Elapsed time spent in this place.
 B = Non-inter-level travel time spent in this place.
 C = Inter-level travel time spent in this place.
 D = Time resting spent in this place.
 E = Time spent auto-exploring this place.
 F = Levels seen in this place.
 G = Mean time per level.
                   A        B        C        D        E       F      G
               +--------+--------+--------+--------+--------+-----+--------+
         Total |   1646 |   1627 |     19 |     63 |   1318 |   3 |  548.7 |
       Dungeon |   1646 |   1627 |     19 |     63 |   1318 |   3 |  548.7 |
               +--------+--------+--------+--------+--------+-----+--------+

Top non-repeatable levels by time:
     D:1: 1202 daAuts
     D:2: 293 daAuts
     D:4: 150 daAuts
